[Event "41st Arco Open 2019"]
[Site "Arco"]
[Date "2019.10.11"]
[Round "8"]
[White "Knors, Rudi"]
[Black "Luciani, Carlo"]
[Result "1/2-1/2"]
[ECO "E84"]
[WhiteElo "2075"]
[BlackElo "2197"]
[Annotator "NA"]
[PlyCount "52"]
[EventDate "2019.10.04"]
[EventType "swiss"]
[EventCountry "ITA"]
[SourceTitle "playchess.com"]
[Source "ChessBase"]
[SourceQuality "1"]
[TimeControl "40/5400+30:1800+30"]

1. d4 Nf6 2. c4 g6 3. Nc3 Bg7 4. e4 d6 5. f3 O-O 6. Be3 Nc6 7. Qd2 a6 8. Nge2 Rb8 9. Rc1 Bd7 10. Nd1 e6 11. g3 b6 12. Bg2 Ne7 13. O-O c5 14. Nf2 Qc7 15. Rfd1 Rfd8 16. Bg5 Nc6 17. Qf4 Nh5 18. Bxd8 Rxd8 19. Qd2 Nxd4 20. Nxd4 Bxd4 21. Kh1 Bc6 22. Nd3 Nf6 23. Qf4 Nh5 24. Qd2 Nf6 25. Qf4 Nh5 26. Qd2 Nf6 1/2-1/2

[Event "41st Arco Open 2019"]
[Site "Arco"]
[Date "2019.10.11"]
[Round "8"]
[White "Fehr, Axel"]
[Black "Horvath, Jozsef"]
[Result "0-1"]
[ECO "C00"]
[WhiteElo "2045"]
[BlackElo "2450"]
[Annotator "ChessBase"]
[PlyCount "73"]
[EventDate "2019.10.04"]
[EventType "swiss"]
[EventCountry "ITA"]
[SourceTitle "playchess.com"]
[Source "ChessBase"]
[SourceQuality "1"]
[TimeControl "40/5400+30:1800+30"]

1. e4 c5 2. Nf3 e6 3. Qe2 Nc6 4. g3 g6 5. Bg2 Bg7 6. O-O Nge7 7. d3 d6 8. c3 O-O 9. Na3 e5 10. Nh4 Be6 11. f4 Qd7 12. Be3 exf4 13. gxf4 f5 14. Nf3 h6 15. e5 dxe5 16. Nxe5 Nxe5 17. fxe5 Rac8 18. d4 cxd4 19. Bxd4 b6 20. Rad1 Qe8 21. c4 f4 22. b3 g5 23. Nb5 Nf5 24. Nd6 Nxd4 25. Rxd4 Qd7 26. Rfd1 Bg4 27. Qe4 Rc5 28. e6 Qxe6 29. Qxe6+ Bxe6 30. R4d3 g4 31. Ne4 Re5 32. Nc3 f3 33. Bf1 h5 34. Nd5 Bh8 35. Re3 f2+ 36. Kg2 Rxe3 37. Nxe3 0-1

[Event "41st Arco Open 2019"]
[Site "Arco"]
[Date "2019.10.12"]
[Round "9"]
[White "Halkias, Stelios"]
[Black "Okhotnik, Vladimir"]
[Result "1-0"]
[ECO "B15"]
[WhiteElo "2530"]
[BlackElo "2352"]
[Annotator "ChessBase"]
[PlyCount "69"]
[EventDate "2019.10.04"]
[EventType "swiss"]
[EventCountry "ITA"]
[SourceTitle "playchess.com"]
[Source "ChessBase"]
[SourceQuality "1"]
[TimeControl "40/5400+30:1800+30"]

1. Nf3 g6 2. d4 Bg7 3. e4 c6 4. Nc3 d5 5. h3 Nf6 6. e5 Ne4 7. Bd3 Nxc3 8. bxc3 c5 9. O-O c4 10. Be2 Qa5 11. Bd2 Bd7 12. a4 Bxa4 13. e6 f6 14. Nh2 Nc6 15. Ng4 Nd8 16. Ne3 Nxe6 17. Nxd5 Qxd5 18. Rxa4 Qd7 19. Qa1 b5 20. Ra5 Kf7 21. Bf3 Rac8 22. Rxa7 Rc7 23. Ra6 b4 24. Qa5 Rd8 25. Qxb4 Bf8 26. Qa5 Rcc8 27. Re1 Nc7 28. Rc6 Ne8 29. Rxc8 Qxc8 30. Bd5+ Kg7 31. Bxc4 e5 32. Bb3 Bd6 33. Qd5 g5 34. Qf7+ Kh6 35. h4 1-0

[Event "41st Arco Open 2019"]
[Site "Arco"]
[Date "2019.10.12"]
[Round "9"]
[White "Horvath, Csaba"]
[Black "Fecker, Noah"]
[Result "1/2-1/2"]
[ECO "B40"]
[WhiteElo "2503"]
[BlackElo "2240"]
[Annotator "RC"]
[PlyCount "24"]
[EventDate "2019.10.04"]
[EventType "swiss"]
[EventCountry "ITA"]
[SourceTitle "playchess.com"]
[Source "ChessBase"]
[SourceQuality "1"]
[TimeControl "40/5400+30:1800+30"]

1. e4 c5 2. Nf3 e6 3. g3 Nc6 4. Bg2 Nf6 5. Qe2 e5 6. O-O Be7 7. c3 O-O 8. Rd1 Re8 9. d4 cxd4 10. cxd4 exd4 11. e5 Bf8 12. Qd3 Nxe5 1/2-1/2

[Event "41st Arco Open 2019"]
[Site "Arco"]
[Date "2019.10.12"]
[Round "9"]
[White "Horvath, Jozsef"]
[Black "Huemmer Bernd"]
[Result "1-0"]
[ECO "D00"]
[WhiteElo "2450"]
[BlackElo "2150"]
[Annotator "ChessBase"]
[PlyCount "49"]
[EventDate "2019.10.04"]
[EventType "swiss"]
[EventCountry "ITA"]
[SourceTitle "playchess.com"]
[Source "ChessBase"]
[SourceQuality "1"]
[TimeControl "40/5400+30:1800+30"]

1. d4 Nf6 2. Nc3 d5 3. Bf4 Nh5 4. Be5 f6 5. e4 g6 6. Bg3 Nxg3 7. hxg3 dxe4 8. Nxe4 Bg7 9. Bc4 Nc6 10. c3 Na5 11. Bd3 Bf5 12. Nc5 Bxd3 13. Qxd3 Kf7 14. b4 b6 15. Na6 Nb7 16. Qc4+ e6 17. Nxc7 Qc8 18. d5 exd5 19. Qxd5+ Ke7 20. Qe4+ Kd7 21. Nb5 Nd6 22. O-O-O Bf8 23. Nf3 Qa6 24. Qd5 Rc8 25. Rhe1 1-0

[Event "41st Arco Open 2019"]
[Site "Arco"]
[Date "2019.10.12"]
[Round "9"]
[White "Sarkar, Justin"]
[Black "Scheftlein, Richard"]
[Result "1/2-1/2"]
[ECO "B14"]
[WhiteElo "2350"]
[BlackElo "2236"]
[Annotator "ChessBase"]
[PlyCount "33"]
[EventDate "2019.10.04"]
[EventType "swiss"]
[EventCountry "ITA"]
[SourceTitle "playchess.com"]
[Source "ChessBase"]
[SourceQuality "1"]
[TimeControl "40/5400+30:1800+30"]

1. d4 Nf6 2. c4 e6 3. Nc3 Bb4 4. e3 O-O 5. Bd3 d5 6. Nf3 c5 7. O-O cxd4 8. exd4 dxc4 9. Bxc4 Nc6 10. Bg5 Be7 11. Re1 h6 12. Bf4 b6 13. a3 Bb7 14. Qd3 Bd6 15. Bxd6 Qxd6 16. d5 exd5 17. Nxd5 1/2-1/2

[Event "41st Arco Open 2019"]
[Site "Arco"]
[Date "2019.10.12"]
[Round "9"]
[White "Favaloro, Andrea"]
[Black "Shehzad, Shazil"]
[Result "1/2-1/2"]
[ECO "A11"]
[WhiteElo "2338"]
[BlackElo "2140"]
[Annotator "ChessBase"]
[PlyCount "52"]
[EventDate "2019.10.04"]
[EventType "swiss"]
[EventCountry "ITA"]
[SourceTitle "playchess.com"]
[Source "ChessBase"]
[SourceQuality "1"]
[TimeControl "40/5400+30:1800+30"]

1. Nf3 d5 2. g3 c6 3. Bg2 Bg4 4. c4 e6 5. cxd5 exd5 6. O-O Nf6 7. Qb3 Qc7 8. d3 Bd6 9. Nc3 Nbd7 10. e4 dxe4 11. dxe4 Bxf3 12. Bxf3 h5 13. Be2 b5 14. Qc2 b4 15. Na4 Nb6 16. b3 Nxa4 17. bxa4 Be5 18. Rb1 a5 19. Be3 O-O 20. f4 Bc3 21. e5 Nd5 22. Bc5 h4 23. Qe4 Rfe8 24. Bd3 g6 25. gxh4 Qd7 26. Qf3 Bd2 1/2-1/2

[Event "41st Arco Open 2019"]
[Site "Arco"]
[Date "2019.10.12"]
[Round "9"]
[White "Molnar, Bela"]
[Black "Vezzosi, Paolo"]
[Result "0-1"]
[ECO "A53"]
[WhiteElo "2305"]
[BlackElo "2235"]
[Annotator "ChessBase"]
[PlyCount "76"]
[EventDate "2019.10.04"]
[EventType "swiss"]
[EventCountry "ITA"]
[SourceTitle "playchess.com"]
[Source "ChessBase"]
[SourceQuality "1"]
[TimeControl "40/5400+30:1800+30"]

1. e4 c6 2. c4 e5 3. Nf3 d6 4. d4 Qc7 5. Nc3 Nf6 6. Be2 Bg4 7. Be3 Nbd7 8. O-O Be7 9. Nd2 Bxe2 10. Qxe2 O-O 11. d5 Rfe8 12. Rfc1 a5 13. b3 h6 14. a3 Nh7 15. g3 Bg5 16. f4 exf4 17. gxf4 Bf6 18. Qd3 Rac8 19. Kh1 Ndf8 20. Bd4 Ng6 21. Rf1 Qd8 22. Rae1 Bxd4 23. Qxd4 Qh4 24. Re2 Nf6 25. dxc6 bxc6 26. f5 Nf4 27. Qf2 Qxf2 28. Rexf2 Nd3 29. Rg2 Rb8 30. Rf3 Ne1 31. Rfg3 Nxg2 32. Kxg2 Kf8 33. Rd3 Ke7 34. c5 dxc5 35. Nc4 Rxb3 36. e5 Ne4 37. f6+ gxf6 38. exf6+ Kf8 0-1

[Event "41st Arco Open 2019"]
[Site "Arco"]
[Date "2019.10.12"]
[Round "9"]
[White "Welling, Gerard"]
[Black "Kostov, Kiril"]
[Result "1-0"]
[ECO "D05"]
[WhiteElo "2302"]
[BlackElo "1832"]
[Annotator "ChessBase"]
[PlyCount "47"]
[EventDate "2019.10.04"]
[EventType "swiss"]
[EventCountry "ITA"]
[SourceTitle "playchess.com"]
[Source "ChessBase"]
[SourceQuality "1"]
[TimeControl "40/5400+30:1800+30"]

1. d4 d5 2. Nf3 Nf6 3. e3 e6 4. Bd3 c5 5. c3 Nbd7 6. Nbd2 b6 7. O-O Bb7 8. Ne5 Nxe5 9. dxe5 Nd7 10. f4 Be7 11. e4 Qc7 12. exd5 exd5 13. Qg4 g6 14. Nf3 O-O-O 15. f5 gxf5 16. Qxf5 Rdf8 17. Bh6 Re8 18. Qxf7 Nxe5 19. Nxe5 Qxe5 20. Rae1 Qd6 21. Bf5+ Kd8 22. Re6 Qd7 23. Rxe7 Qxe7 24. Bg5 1-0

[Event "41st Arco Open 2019"]
[Site "Arco"]
[Date "2019.10.12"]
[Round "9"]
[White "Sedina, Elena"]
[Black "Petrov, Nikita"]
[Result "0-1"]
[ECO "B07"]
[WhiteElo "2294"]
[BlackElo "2586"]
[Annotator "ChessBase"]
[PlyCount "55"]
[EventDate "2019.10.04"]
[EventType "swiss"]
[EventCountry "ITA"]
[SourceTitle "playchess.com"]
[Source "ChessBase"]
[SourceQuality "1"]
[TimeControl "40/5400+30:1800+30"]

1. e4 d6 2. d4 Nf6 3. Bd3 e5 4. c3 d5 5. dxe5 Nxe4 6. Nf3 Nc5 7. Bc2 Bg4 8. Nbd2 Nc6 9. O-O Be7 10. b4 Ne6 11. Qe2 O-O 12. Rd1 Re8 13. b5 Na5 14. Nf1 Nc4 15. Ne3 Nxe3 16. Bxe3 c6 17. c4 d4 18. h3 Bxf3 19. Qxf3 Bc5 20. bxc6 bxc6 21. Bf5 Qc7 22. Bxe6 dxe3 23. Rd7 exf2+ 24. Kf1 Qxe5 25. Qxf7+ Kh8 26. Rad1 Rxe6 27. Rd8+ Re8 28. Qxe8+ 0-1

[Event "41st Arco Open 2019"]
[Site "Arco"]
[Date "2019.10.12"]
[Round "9"]
[White "Dittmar, Peter"]
[Black "Cardili, Mariano"]
[Result "1-0"]
[ECO "D12"]
[WhiteElo "2253"]
[BlackElo "2079"]
[Annotator "ChessBase"]
[PlyCount "69"]
[EventDate "2019.10.04"]
[EventType "swiss"]
[EventCountry "ITA"]
[SourceTitle "playchess.com"]
[Source "ChessBase"]
[SourceQuality "1"]
[TimeControl "40/5400+30:1800+30"]

1. d4 d5 2. c4 c6 3. e3 Nf6 4. Nf3 Bf5 5. cxd5 cxd5 6. Qb3 Qc7 7. Bd2 Nc6 8. Bb5 e6 9. O-O Bd6 10. Bb4 O-O 11. Bxc6 bxc6 12. Nbd2 Rab8 13. Bxd6 Qxd6 14. Qc3 Rfc8 15. Rfc1 Nd7 16. Nb3 f6 17. h3 Bg6 18. Qa5 Rb7 19. Rc3 Be4 20. Nfd2 Bg6 21. Rac1 Be8 22. Qa6 Rbc7 23. Nc5 Nxc5 24. Rxc5 Rb8 25. b3 h5 26. Qe2 g5 27. e4 Bg6 28. Qf3 Rf8 29. Qe3 Rfc8 30. e5 fxe5 31. Qxg5 Rg7 32. Qxe5 Qxe5 33. dxe5 Be8 34. Nf3 Rb8 35. Nd4 1-0

[Event "41st Arco Open 2019"]
[Site "Arco"]
[Date "2019.10.12"]
[Round "9"]
[White "Pasini, Nicolo"]
[Black "Tocco, Paolo"]
[Result "1-0"]
[ECO "B00"]
[WhiteElo "2234"]
[BlackElo "2079"]
[Annotator "NA"]
[PlyCount "36"]
[EventDate "2019.10.04"]
[EventType "swiss"]
[EventCountry "ITA"]
[SourceTitle "playchess.com"]
[Source "ChessBase"]
[SourceQuality "1"]
[TimeControl "40/5400+30:1800+30"]

1. e4 b6 2. d4 Bb7 3. Bd3 Nf6 4. Qe2 e6 5. Nf3 d5 6. e5 Ne4 7. Nbd2 Nxd2 8. Bxd2 c5 9. c3 a5 10. Be3 Ba6 11. Bb5+ Bxb5 12. Qxb5+ Nd7 13. O-O Be7 14. c4 O-O 15. Rfd1 Qe8 16. cxd5 exd5 17. Qc6 Nxe5 18. Nxe5 Qd8 1-0

[Event "41st Arco Open 2019"]
[Site "Arco"]
[Date "2019.10.12"]
[Round "9"]
[White "Leutwyler, Martin"]
[Black "Qendro, Llambi"]
[Result "0-1"]
[ECO "E90"]
[WhiteElo "2154"]
[BlackElo "2312"]
[Annotator "NA"]
[PlyCount "122"]
[EventDate "2019.10.04"]
[EventType "swiss"]
[EventCountry "ITA"]
[SourceTitle "playchess.com"]
[Source "ChessBase"]
[SourceQuality "1"]
[TimeControl "40/5400+30:1800+30"]

1. d4 g6 2. c4 Bg7 3. Nf3 d6 4. Nc3 Nf6 5. h3 O-O 6. e4 e5 7. d5 a5 8. g4 Na6 9. Be3 Nd7 {[%emt 0:01:30] E90: King's Indian: Classical: Early deviations and 6 h3} (9... Nc5 10. Nd2 c6 11. Be2 a4 12. h4 Qa5 13. f3 a3 14. Qc2 axb2 15. Qxb2 h5 16. g5 Nfd7 17. O-O f6 18. Kg2 Qd8 19. Nb3 fxg5 20. hxg5 {½-½ (67) Nepomniachtchi,I (2757)-Grischuk,A (2766) chess.com INT 2018}) 10. a3 Nac5 11. Rg1 a4 12. Nd2 c6 13. Be2 Nb6 $146 ({Predecessor:} 13... Kh8 14. Qc2 Qa5 15. h4 Rb8 16. h5 cxd5 17. cxd5 b5 18. g5 Re8 19. Kf1 {1-0 (42) Ovetchkin,R (2521)-Ivanov,M (2392) Vladivostok 2014}) 14. Qc2 Bd7 15. h4 h6 (15... cxd5 $14 16. cxd5 Rc8) 16. h5 g5 17. f3 cxd5 18. cxd5 Rc8 19. Kf2 Rc7 $16 20. Rgc1 Qa8 21. Bb5 Rfc8 22. Bxd7 Rxd7 23. Bxc5 Rxc5 24. Qd3 Rdc7 25. Ne2 Qc8 26. Rc3 Rxc3 27. Nxc3 Nc4 28. Nxc4 Rxc4 29. Qe3 Bf6 30. Rc1 Bd8 31. Ne2 Ba5 32. Rxc4 Qxc4 33. Ng3 Qc2+ 34. Qe2 Qc5+ 35. Kg2 Bb6 36. Qf1 Kh7 37. Kh3 Ba5 38. Qe2 b5 39. Nf5 Qg1 40. Qg2 Qe1 41. Ng3 Qc1 42. Nf5 Qc5 43. Qf1 Bd2 44. Qe2 Ba5 45. Qf1 Bb6 46. Qe2 Qg1 47. Qg2 Qe1 48. Kh2 Bc5 49. Kh3 Qc1 50. Kh2 b4 51. axb4 Bxb4 52. Kh3 Bc5 53. Kh2 Qe1 54. Kh3 Bd4 55. Ng3 Qb4 56. Qc2 Qb3 57. Qc6 Qxf3 58. Qxd6 Bxb2 59. Kh2 Bd4 60. Nf5 Qf2+ 61. Kh3 Qf1+ 0-1

[Event "41st Arco Open 2019"]
[Site "Arco"]
[Date "2019.10.12"]
[Round "9"]
[White "Heidel, Andre Nicolas"]
[Black "Bifulco, Michel"]
[Result "0-1"]
[ECO "D02"]
[WhiteElo "2140"]
[BlackElo "2261"]
[Annotator "NA"]
[PlyCount "118"]
[EventDate "2019.10.04"]
[EventType "swiss"]
[EventCountry "ITA"]
[SourceTitle "playchess.com"]
[Source "ChessBase"]
[SourceQuality "1"]
[TimeControl "40/5400+30:1800+30"]

1. d4 d5 2. Nf3 Nf6 3. g3 c6 4. Bg2 g6 5. O-O Bg7 6. b3 a5 7. c4 a4 8. Bb2 b5 9. cxb5 cxb5 10. Ne5 O-O 11. b4 Bf5 12. Na3 Qb6 13. Rc1 Na6 14. Qd2 $11 Rac8 15. e3 Ne4 16. Bxe4 dxe4 17. d5 Bh3 18. Rxc8 Rxc8 19. Nc6 Bxb2 20. Qxb2 Rxc6 21. dxc6 Bxf1 22. Kxf1 Qxc6 23. Kg2 Nc7 24. Qe5 e6 25. g4 h6 26. h4 Nd5 27. Qb8+ Kg7 28. Nxb5 Nxb4 29. Nd4 Qc5 30. Qb7 Qd6 31. a3 Nd5 32. Qa7 e5 33. Qxa4 exd4 34. Qxd4+ Kh7 35. Qxe4 Nf6 36. Qc4 Kg8 37. a4 Nd7 38. Qc8+ Kh7 39. Qb7 Qe6 40. Kg3 Nf6 41. Qb4 h5 42. gxh5 Ne4+ 43. Kh2 Qg4 44. hxg6+ Kxg6 45. Qe7 Qf3 46. h5+ Qxh5+ 47. Kg2 Qg4+ 48. Kf1 Qd1+ 49. Kg2 Qxa4 50. Qh4 Qc6 51. Qg4+ Ng5+ 52. f3 Qc2+ 53. Kg3 Qc1 54. e4 Qg1+ 55. Kf4 Qh2+ 56. Ke3 Qe5 57. Qg2 Kf6 58. Qc2 Ne6 59. f4 Qxf4+ 0-1

[Event "41st Arco Open 2019"]
[Site "Arco"]
[Date "2019.10.12"]
[Round "9"]
[White "Tolhuizen, Ludo"]
[Black "Zwahr, Paul"]
[Result "0-1"]
[ECO "A48"]
[WhiteElo "2102"]
[BlackElo "2282"]
[Annotator "ChessBase"]
[PlyCount "54"]
[EventDate "2019.10.04"]
[EventType "swiss"]
[EventCountry "ITA"]
[SourceTitle "playchess.com"]
[Source "ChessBase"]
[SourceQuality "1"]
[TimeControl "40/5400+30:1800+30"]

1. d4 Nf6 2. Nf3 g6 3. Nbd2 c5 4. dxc5 Qa5 5. a3 Qxc5 6. b4 Qc7 7. Bb2 Bg7 8. c4 O-O 9. g3 b6 10. Bg2 Bb7 11. O-O d6 12. Rc1 Nbd7 13. Qb3 Rac8 14. Rfd1 Qb8 15. Ne1 Rc7 16. Bxb7 Qxb7 17. Nef3 Rfc8 18. Qd3 Qa6 19. e4 Ng4 20. Bxg7 Kxg7 21. Qb3 b5 22. cxb5 Qb6 23. Qb2+ Nde5 24. Nb3 Rxc1 25. Rxc1 Nxf2 26. Qxf2 Qxf2+ 27. Kxf2 Nd3+ 0-1

[Event "41st Arco Open 2019"]
[Site "Arco"]
[Date "2019.10.12"]
[Round "9"]
[White "Trauth, Michael"]
[Black "Curien, Nicolas"]
[Result "0-1"]
[ECO "A13"]
[WhiteElo "2073"]
[BlackElo "2261"]
[Annotator "NA"]
[PlyCount "90"]
[EventDate "2019.10.04"]
[EventType "swiss"]
[EventCountry "ITA"]
[SourceTitle "playchess.com"]
[Source "ChessBase"]
[SourceQuality "1"]
[TimeControl "40/5400+30:1800+30"]

1. c4 e6 2. Nf3 d5 3. b3 c5 4. Bb2 Nc6 5. cxd5 exd5 $11 6. d4 Nf6 7. e3 cxd4 8. exd4 Bb4+ 9. Bc3 Qa5 10. Bd2 Ne4 11. Be2 O-O 12. Bxb4 Qxb4+ 13. Kf1 Bg4 14. a3 Qb6 15. Qd3 Bxf3 16. gxf3 Nf6 17. Nc3 Qxd4 18. Rd1 Qxd3 19. Bxd3 Ne5 20. Bf5 Nxf3 21. Nxd5 Nxd5 22. Rxd5 Rad8 23. Rd3 Rxd3 24. Bxd3 Nd2+ 25. Ke2 Nxb3 26. Bc4 Nc5 27. Kf3 Rd8 28. Re1 Kf8 29. Re5 b6 30. Rd5 Rxd5 31. Bxd5 Ke7 32. Ke3 Ne6 33. f4 Kd6 34. Be4 h6 35. Bf3 Nc7 36. Be2 Nd5+ 37. Kf3 Kc5 38. Bd3 Kd4 39. Bb5 Ne3 40. Be8 f6 41. Bd7 Nc4 42. a4 Nd6 43. Kg4 g6 44. f5 g5 45. Kh5 Ke5 0-1

[Event "41st Arco Open 2019"]
[Site "Arco"]
[Date "2019.10.12"]
[Round "9"]
[White "Behling Robert"]
[Black "Kuhn, Tobias"]
[Result "1/2-1/2"]
[ECO "A34"]
[WhiteElo "2062"]
[BlackElo "2234"]
[Annotator "NA"]
[PlyCount "91"]
[EventDate "2019.10.04"]
[EventType "swiss"]
[EventCountry "ITA"]
[SourceTitle "playchess.com"]
[Source "ChessBase"]
[SourceQuality "1"]
[TimeControl "40/5400+30:1800+30"]

1. c4 Nf6 2. Nc3 c5 3. Nf3 Nc6 4. g3 d5 5. cxd5 Nxd5 6. Bg2 Nc7 7. O-O g6 $11 8. Na4 e5 9. b3 Bd7 10. Bb2 f6 11. Rc1 Ne6 12. Ne1 b6 13. Nd3 Rc8 14. f4 Bg7 15. Nc3 O-O 16. fxe5 Nxe5 17. Nxe5 fxe5 18. Bd5 Qe7 19. e3 Kh8 20. Qe2 Nc7 21. Bb7 Rcd8 22. Rxf8+ Rxf8 23. Rf1 Rd8 24. Rf2 Be6 25. Bg2 Ne8 26. Ne4 Nd6 27. Nxd6 Qxd6 28. Bc3 a5 29. Qa6 Qc7 30. Bf1 Bf5 31. Qc4 Qd7 32. Be2 Be6 33. Qb5 Qd6 34. Bc4 Bf5 35. Be2 h5 36. Qc4 Be6 37. Qh4 Rf8 38. Rxf8+ Qxf8 39. g4 Bf6 40. Qf2 Qg7 41. Qg2 hxg4 42. Bxg4 Bg8 43. Qc6 Bd8 44. Qe8 Bc7 45. Be6 Kh7 46. Bxg8+ 1/2-1/2